 Dungeon Crawl Stone Soup version 0.28.0 (webtiles) character file.

Game seed: 12869906445042023037

859 lollipopman the Skirmisher (level 8, -1/83 HPs)
             Began as an Ogre Arcane Marksman on Feb 17, 2022.
             Slain by Pikel (5 damage)
             ... on level 5 of the Dungeon.
             The game lasted 00:13:06 (6663 turns).

lollipopman the Skirmisher (Ogre Arcane Marksman)   Turns: 6663, Time: 00:13:08

Health: -1/83      AC:  5    Str: 26    XL:     8   Next: 2%
Magic:  0/15       EV:  9    Int: 14    God:
Gold:   186        SH:  0    Dex:  9    Spells: 16/17 levels left

rFire   + . .      SeeInvis .   D - +2 mace (protect)
rCold   + . .      Faith    .   (no shield)
rNeg    . . .      Spirit   +   m - +2 robe of Cheibriados's Approval {Str+9}
rPois   .          Reflect  .   (helmet restricted)
rElec   .          Harm     .   o - scarf {rC+ rF+}
rCorr   +          Rampage  .   (gloves unavailable)
Will    .....      Rnd*Tele +   (boots unavailable)
Stlth   +.........              p - amulet of guardian spirit
HPRegen 0.23/turn               j - ring of resist corrosion
MPRegen 0.14/turn               (no ring)

@: no status effects
A: large, unfitting armour, tough skin 1, teleportitis 1
a: no special abilities


You were on level 5 of the Dungeon.
You visited 1 branch of the dungeon, and saw 6 of its levels.

You collected 186 gold pieces.

Inventory:

Hand Weapons
 h - a +0 mace
 z - a +0 flail
 D - a +2 mace of protection (weapon)
Missiles
 d - 149 stones (quivered)
 y - 4 boomerangs
Armour
 a - a +0 robe
 m - the +2 robe of Cheibriados's Approval (worn) {Str+9}
   (You found it on level 2 of the Dungeon)

   Str:       It affects your strength (+9).
 o - a scarf of resistance (worn)
Jewellery
 j - a ring of resist corrosion (left hand)
 p - an amulet of guardian spirit (around neck)
Wands
 c - a wand of digging (3)
 t - a wand of mindburst (8)
Scrolls
 f - 4 scrolls of identify {unknown}
 g - a scroll of enchant weapon {unknown}
 i - a scroll of noise {unknown}
 l - 3 scrolls of teleportation {unknown}
 n - a scroll of immolation {unknown}
 r - a scroll of vulnerability {unknown}
 v - a scroll of holy word {unknown}
 w - a scroll of enchant armour {unknown}
 A - a scroll of fear {unknown}
 B - a scroll of acquirement {unknown}
 E - 2 scrolls of torment {unknown}
Potions
 e - a potion of mutation
 k - a potion of curing {unknown}
 q - a potion of haste {unknown}
 s - a potion of heal wounds {unknown}
 x - a potion of lignification {unknown}
 C - 3 potions of cancellation {unknown}
Miscellaneous
 u - a piece from Xom's chessboard (15/15)


   Skills:
 * Level 6.2 Fighting
 + Level 2.4 Maces & Flails
 * Level 4.9 Throwing
 - Level 1.7 Dodging
 * Level 5.1 Spellcasting
 - Level 3.0 Hexes


You had 16 spell levels left.
You knew the following spells:

 Your Spells              Type           Power      Damage    Failure   Level
a - Slow                  Hex            48%        N/A       4%          1

Your spell library contained the following spells:

 Spells                   Type           Power      Damage    Failure   Level
 Inner Flame              Hex/Fire       7%         N/A       28%         3
 Portal Projectile        Hex/Tloc       14%        N/A       28%         3
 Cause Fear               Hex            6%         N/A       45%         4


Dungeon Overview and Level Annotations

Branches:
Dungeon (6/15)
 Temple: D:4-7

Altars:
Gozag

Annotations:
D:4 3 runed translucent doors, Dowan; Duvessa; solaroid's ghost, novice HONe
D:5 Pikel


Innate Abilities, Weirdness & Mutations

You are too large for most types of armour.
You have tough skin. (AC +1)
You are occasionally teleported next to monsters.


Message History

You sock Pikel!
Your weapon exudes an aura of protection.
Pikel is severely wounded.
Pikel hits you but does no damage.
You closely miss Pikel.
Pikel is severely wounded.
Pikel says, "You'll feel the lick of my whip!"
Pikel hits you with a +1 whip of flaming.
* * * LOW HITPOINT WARNING * * *
You hit Pikel.
Pikel is severely wounded.
You hit Pikel.
Pikel is severely wounded.
Pikel hits you with a +1 whip of flaming.
* * * LOW HITPOINT WARNING * * *
You barely miss Pikel.
Pikel is severely wounded.
Pikel hits you but does no damage.
You hit Pikel.
Pikel is almost dead.
Pikel closely misses you.
You hit Pikel.
Pikel is almost dead.
Pikel hits you with a +1 whip of flaming.
* * * LOW HITPOINT WARNING * * *
Pikel burns you.
Pikel is no longer moving slowly.
There is a stone staircase leading down here.
The lemure barely misses you.
You climb downwards.
The hound barks!
The iguana hisses angrily.
Found a scroll labelled SENAIL ONAOPUE.
There is a stone staircase leading up here.
The lemure hits you.
* * * LOW HITPOINT WARNING * * *
You climb upwards.
Level annotation: Pikel Pikel barely misses you.
Pikel hits you with a +1 whip of flaming!
You die...

#.# ...# #.###..#### ..
#.........#
...###########..##..##.#
.....#..555...........#
#..#.....####.#.....#.#
#....#.### #.#.....#.##
#.#.##(######.#.....#...
......K@5..##.#.........
.##.#...##....###.###.##
#.........<...........
.##.#...##..#####.######
......(.....# #. #
..!.#.####..# #. #
.####. ...... ..######
## ##..............
..#############


You could see Pikel and a lemure.

Vanquished Creatures
  Sigmund (D:4)
  3 lemures
  Blork the orc (D:5)
  2 scorpions (D:5)
  A hound (D:4)
  4 orc priests
  A centaur skeleton (D:5)
  3 iguanas
  An orc wizard (D:4)
  A killer bee zombie (D:5)
  2 hound skeletons
  6 gnolls
  4 adders
  A shadow imp (D:5)
  An ufetubus (D:5)
  3 dart slugs
  11 orcs
  3 bats
  6 endoplasms
  3 giant cockroaches (D:1)
  5 hobgoblins
  7 jackals
  3 quokkas
  6 ball pythons
  2 frilled lizards (D:2)
  3 goblins
  2 kobolds
  A rat (D:2)
87 creatures vanquished.

Notes
Turn   | Place    | Note
-------+----------+-------------------------------------------
     0 | D:1      | lollipopman the Ogre Arcane Marksman began the quest for
                  | the Orb.
     0 | D:1      | Reached XP level 1. HP: 19/19 MP: 2/2
   101 | D:1      | Reached XP level 2. HP: 28/28 MP: 2/4
   113 | D:1      | Reached skill level 2 in Fighting
  1107 | D:2      | Reached XP level 3. HP: 36/36 MP: 4/6
  1329 | D:2      | Reached XP level 4. HP: 14/44 MP: 7/7
  1640 | D:2      | Reached skill level 3 in Fighting
  1706 | D:2      | Identified the +2 robe of Cheibriados's Approval {Str+9}
  2683 | D:3      | Reached skill level 1 in Maces & Flails
  2683 | D:3      | Reached XP level 5. HP: 14/53 MP: 7/9
  3093 | D:3      | Found a faded altar of an unknown god.
  3766 | D:3      | Reached skill level 4 in Fighting
  4020 | D:4      | Noticed Sigmund
  4052 | D:4      | Killed Sigmund
  4053 | D:4      | Reached XP level 6. HP: 40/63 MP: 6/11
  4216 | D:4      | Found a runed translucent gate.
  4775 | D:4      | Reached skill level 5 in Fighting
  4775 | D:4      | Reached XP level 7. HP: 64/72 MP: 9/13
  4965 | D:4      | Noticed Dowan
  4968 | D:4      | Noticed Duvessa
  4983 | D:5      | Entered Level 5 of the Dungeon
  4984 | D:5      | Noticed Blork the orc
  5003 | D:5      | Killed Blork the orc
  5526 | D:4      | Reached skill level 6 in Fighting
  5536 | D:4      | Reached skill level 5 in Spellcasting
  6055 | D:4      | Reached XP level 8. HP: 71/83 MP: 11/15
  6183 | D:4      | Found a runed translucent gate.
  6184 | D:4      | Found an opulent altar of Gozag.
  6184 | D:4      | Found a runed translucent gate.
  6187 | D:4      | Noticed solaroid's ghost (novice HONe)
  6258 | D:5      | Noticed Pikel
  6284 | D:5      | Gained mutation: You are occasionally teleported next to
                  | monsters. [potion of mutation]
  6662 | D:6      | HP: 4/83 [lemure[Pikel] (5)]
  6663 | D:5      | Slain by Pikel

Illustrated notes

Levels and vault maps discovered:
D:1:      dpeg_arrival_rhombi, layout_rooms
D:2:      layout_basic
D:3:      layout_basic, hellmonk_ecumenical_altar_lost_god,
          minmay_misc_feat_tiny
D:4:      layout_cave_pods, ebering_ghost_gozag, minivault_4, uniq_sigmund,
          uniq_duvessa
D:5:      layout_loops_ring, temple_statues, nicolae_ossuary_entry_catacombs,
          uniq_blork_the_orc, uniq_pikel
D:6:      layout_rooms, gammafunk_temple_overflow_wave,
          hangedman_decor_riveting, nzn_random_ring, uniq_crazy_yiuf_cottage

Skill      XL: |  1  2  3  4  5  6  7 |
---------------+----------------------+-----
Fighting       | 2 3 4 5 6 |  6.2
Spellcasting   | 2 3 4 5 |  5.1
Hexes          | 3 |  3.0
Maces & Flails | 1 2 |  2.4
Throwing       | 3 4 |  4.9
Dodging        | |  1.7

Action                   |  1- 3 |  4- 6 |  7- 9 || total
-------------------------+-------+-------+-------++-------
Melee: Mace              |    70 |    93 |   160 ||   323
       Unarmed           |    23 |       |       ||    23
       Punch             |       |     1 |     3 ||     4
       Flail             |       |    51 |    23 ||    74
Throw: Large rock        |    15 |     3 |     2 ||    20
       Stone             |    19 |       |       ||    19
       Throwing net      |     3 |     1 |       ||     4
 Cast: Slow              |       |     2 |     7 ||     9
  Use: Potion            |       |       |     1 ||     1
 Stab: Held in net/web   |       |     1 |       ||     1
Armor: Robe              |    60 |    60 |    92 ||   212
Dodge: Dodged            |    85 |    76 |    91 ||   252
